 Dungeon Crawl Stone Soup version 0.18-a0-1109-gfc003ac (webtiles) character file.

188 namelastname112 the Insei (level 5, -1/57 HPs)
             Began as a Draconian Wizard on Jan 16, 2016.
             Slain by Grinder (3 damage)
             ... on level 2 of the Dungeon.
             The game lasted 00:04:49 (3250 turns).

namelastname112 the Insei (Draconian Wizard)        Turns: 3250, Time: 00:04:49

Health: -1/57      AC: 22    Str: 10    XL:     5   Next: 39%
Magic:  9/9        EV:  2    Int: 18    God:
Gold:   99         SH:  0    Dex: 15    Spells: 1 memorised, 9 levels left

rFire  + . .     SeeInvis .       - Unarmed
rCold  + . .     Gourm    .     (armour unavailable)
rNeg   + + +     Faith    .     (no shield)
rPois  +         Spirit   .     (helmet currently unavailable)
rElec  +         Dismiss  .     (cloak currently unavailable)
rCorr  +         Reflect  .     (gloves currently unavailable)
SustAt .         Harm     .     (boots currently unavailable)
MR     .....     NoTele   +     (no amulet)
Stlth  +++.......               (no ring)
                                (no ring)

@: agile, tree-form, resistant, not resistant to hostile enchantments, fairly
stealthy
A: unfitting armour, (cold-blooded), AC +5
a: no special abilities


You were on level 2 of the Dungeon.
You were full.
You were a tree.
You visited 1 branch of the dungeon, and saw 3 of its levels.

You collected 99 gold pieces.

Inventory:

Hand Weapons
 d - a +0 dagger of venom
Armour
 a - a +0 hat (melded)
 k - a +0 pair of gloves (melded)
Jewellery
 q - an uncursed ring of protection from fire {unknown}
Wands
 r - a wand of frost (11/48)
Scrolls
 g - a scroll of fog {unknown}
 h - 5 scrolls of identify {unknown}
 i - 2 scrolls of immolation {unknown}
 j - a scroll of amnesia {unknown}
 s - a scroll of teleportation {unknown}
 t - 3 scrolls of blinking {unknown}
Potions
 v - a potion of lignification
Books
 b - a book of Minor Magic

   Spells                             Type                      Level
   a - Magic Dart                     Conjuration                  1
   b - Blink                          Translocation                2
   c - Call Imp                       Summoning                    2
   d - Repel Missiles                 Charms/Air                   2
   e - Slow                           Hexes                        2
   f - Conjure Flame                  Conjuration/Fire             3
   g - Mephitic Cloud                 Conjuration/Poison/Air       3
Comestibles
 c - a bread ration
 f - 2 chunks of flesh
 l - a beef jerky
 o - 2 meat rations
 u - a slice of pizza


   Skills:
 - Level 1.7 Dodging
 - Level 1.7 Stealth
 + Level 5.2 Unarmed Combat
 - Level 3.0 Spellcasting
 - Level 1.0 Conjurations
   Level 1.0 Summonings
   Level 1.0 Translocations


You had 9 spell levels left.
You knew the following spells:

 Your Spells              Type           Power        Failure   Level  Hunger
z - Magic Dart            Conj           #...         12%         1    None


Dungeon Overview and Level Annotations

Branches:
Dungeon (3/15)

Altars:
Ashenzari
Okawaru
Yredelemnul
The Shining One

Annotations:
D:3 Grinder


Innate Abilities, Weirdness & Mutations

((Your plain brown scales are hard (AC +5).))
Your body does not fit into most forms of armour.
((You are cold-blooded and may be slowed by cold attacks.))


Message History

Drink which item? (? for menu, Esc to quit)
It was a potion of cure mutation.
It has a very clean taste.
Something hits you.
* * * LOW HITPOINT WARNING * * *
You writhe in agony.
* * * LOW HITPOINT WARNING * * *
Drink which item? (? for menu, Esc to quit)
You can't drink that!
Drink which item? (? for menu, Esc to quit)
It was a potion of lignification.
You turn into a tree.
Your +0 hat melds into your body.
Your +0 pair of gloves melds into your body.
Your roots penetrate the ground.
Something hits you.
* * * LOW HITPOINT WARNING * * *
Unknown command.
Wield which item (- for none, * to show all)? (? for menu, Esc to quit)
Your +0 dagger of venom stops dripping with poison.
You are now empty-handed.
You swing at nothing.
Something hits you.
You die...

#.......# #....#
#####'#### ####.#
#.....# #†# #.....#
#.# #...†.# #.#
##.#### #.# #.# #.#
########.##########.#
................♣##.#
.........#######.##.#
########## #.##.#
...# #.##.# ##.#
#.##.# .#.# #.##.#
.#.# #######.##.#
.#.#######.......##.#
.................##.#


There were no monsters in sight!

Vanquished Creatures
  Jessica (D:3)
  2 orc wizards (D:3)
  Robin (D:3)
  An ooze (D:2)
  A worm (D:3)
  3 giant geckos
  8 orcs (D:3)
  3 ball pythons (D:3)
  2 giant cockroaches
  11 goblins
  9 hobgoblins
  3 jackals (D:1)
  A quokka (D:2)
  8 bats
  4 giant newts
  8 kobolds
  7 rats
73 creatures vanquished.

Vanquished Creatures (others)
  A worm (D:3)
1 creature vanquished.

Grand Total: 74 creatures vanquished

Notes
Turn   | Place    | Note
--------------------------------------------------------------
     0 | D:1      | namelastname112 the Draconian Wizard began the quest for the Orb.
     0 | D:1      | Reached XP level 1. HP: 14/14 MP: 4/4
   149 | D:1      | Reached skill level 1 in Unarmed Combat
   280 | D:1      | Reached XP level 2. HP: 20/20 MP: 0/6
   304 | D:1      | Found a glowing golden altar of the Shining One.
  1197 | D:2      | Reached XP level 3. HP: 23/26 MP: 3/7
  1289 | D:2      | Found an iron altar of Okawaru.
  1568 | D:2      | Found a basalt altar of Yredelemnul.
  1568 | D:2      | Found a shattered altar of Ashenzari.
  2234 | D:3      | Reached XP level 4. HP: 16/33 MP: 6/8
  2438 | D:3      | Reached skill level 4 in Unarmed Combat
  2553 | D:3      | Noticed Jessica
  2566 | D:3      | Killed Jessica
  2663 | D:3      | Reached XP level 5. HP: 28/38 MP: 3/9
  2876 | D:3      | Noticed Robin
  2876 | D:3      | Reached skill level 5 in Unarmed Combat
  3152 | D:3      | Killed Robin
  3221 | D:3      | Noticed Grinder
  3225 | D:3      | Paralysed by something for 3 turns
  3242 | D:2      | Paralysed by something for 2 turns
  3248 | D:2      | HP: 2/57 [something (1)]
  3250 | D:2      | Slain by Grinder

Vault maps used:
D:1:      nagdon_arrival_double_spiral, tso_metal_star
D:2:      nicolae_overflow_hidden_temple, gammafunk_temple_overflow_wave,
          first_bread
D:3:      minmay_misc_feat_alley, uniq_grinder, uniq_jessica, uniq_robin

Action                   |  1- 3 |  4- 6 || total
-------------------------+-------+-------++-------
Melee: Dagger            |    78 |   119 ||   197
       Unarmed           |     4 |       ||     4
 Cast: Magic Dart        |    59 |    42 ||   101
  Use: Potion            |       |     6 ||     6
 Stab: Sleeping          |     2 |       ||     2
  Eat: Chunk             |     1 |     2 ||     3
       Bread ration      |     1 |       ||     1
       Meat ration       |       |     1 ||     1
